 Dungeon Crawl Stone Soup version 0.23.2-1-ga50397a (webtiles) character file.

Game seed: 15578030158037959936

7955 Borbor the Archer (level 11, -4/99 HPs)
             Began as a Centaur Hunter on Apr 29, 2019.
             Was an Elder of Okawaru.
             Killed from afar by Erolcha (30 damage)
             ... with a stone arrow
             ... on level 10 of the Dungeon on Apr 30, 2019.
             The game lasted 01:33:00 (12687 turns).

Borbor the Archer (Centaur Hunter)                 Turns: 12687, Time: 01:33:01

Health: -4/99      AC: 14    Str: 24    XL:     11   Next: 3%
Magic:  10/14      EV: 11    Int: 10    God:    Okawaru [****..]
Gold:   605        SH:  0    Dex: 13    Spells: 10/10 levels left

rFire    + . .     SeeInvis .   b - +7 trident (flame)
rCold    + . .     Gourm    .   (no shield)
rNeg     . . .     Faith    .   C - +4 scale mail {rPois}
rPois    +         Spirit   .   (no helmet)
rElec    +         Reflect  .   D - +0 cloak
rCorr    +         Harm     .   (no gloves)
MR       .....                  (no barding)
Stlth    +.........             (no amulet)
HPRegen  0.26/turn              g - +4 ring of strength
MPRegen  0.14/turn              (no ring)

@: mighty, resistant, heroism, very slightly contaminated, very quick
A: large, hooves 3, deformed body, speed 2, tough skin 3
a: Heroism, Renounce Religion


You were on level 10 of the Dungeon.
You worshipped Okawaru.
Okawaru was greatly pleased with you.
You were not hungry.

You visited 2 branches of the dungeon, and saw 11 of its levels.
You also visited: Sewer.

You collected 605 gold pieces.

Inventory:

Hand Weapons
 a - a +1 shortbow of venom
 b - a +7 trident of flaming (weapon)
 v - a +0 hunting sling
 w - a +1 short sword of electrocution
 M - a +2 shortbow of freezing
 S - the +7 dagger of Defence {protect, Str+4, unknown}
   (You found it on level 9 of the Dungeon)

   It protects the one who uses it against injury (+AC on strike).
   It affects your strength (+4).
 T - a +4 blowgun
Missiles
 d - 109 arrows
 e - 2 throwing nets
 j - 343 stones (quivered)
 L - 52 sling bullets
 U - 3 curare-tipped needles
Armour
 C - a +4 scale mail of poison resistance (worn)
 D - a +0 cloak (worn)
 N - a +3 chain mail of magic resistance
Jewellery
 g - a +4 ring of strength (left hand)
 i - an uncursed ring of ice
 l - an uncursed ring of flight
 n - a +2 ring of strength
Wands
 x - a wand of flame (19)
 y - a wand of digging (2)
 F - a wand of polymorph (4)
 O - a wand of acid (3)
 P - a wand of disintegration (22)
Scrolls
 c - 8 scrolls of fear
 p - 8 scrolls of remove curse
 s - a scroll of summoning {unknown}
 t - 3 scrolls of blinking
 u - 4 scrolls of teleportation
 A - 3 scrolls of enchant armour
 E - 3 scrolls of fog
 H - 3 scrolls of magic mapping
 R - a scroll of enchant weapon
Potions
 k - 4 potions of might
 m - a potion of invisibility {unknown}
 o - a potion of degeneration {unknown}
 q - 4 potions of curing
 r - 2 potions of agility
 z - a potion of ambrosia {unknown}
 B - 3 potions of brilliance
 G - a potion of cancellation {unknown}
 I - 4 potions of magic
 J - a potion of heal wounds {unknown}
 K - 2 potions of haste {unknown}
Comestibles
 f - 19 rations


   Skills:
 * Level 10.0(15.0) Fighting
 - Level 14.0(19.0) Bows
 + Level 6.2(11.2) Armour
 - Level 1.3(6.3) Dodging
 - Level 0.4(5.4) Stealth
 + Level 4.3 Invocations


You had 10 spell levels left.
You didn't know any spells.
Your spell library contained the following spells:

 Spells                   Type           Power        Failure   Level  Hunger
 Beastly Appendage        Tmut           #.....       61%         1    ##.....
 Sticks to Snakes         Tmut           #.......     75%         2    ###....
 Spider Form              Tmut/Pois      #.........   93%         3    ####...
 Ice Form                 Ice/Tmut       #.......     100%        4    #####..
 Blade Hands              Tmut           #.........   100%        5    ######.


Dungeon Overview and Level Annotations

Branches:
Dungeon (10/15)            Temple (1/1) D:6
   Lair: D:8-11         Orc: D:9-12

Altars:
Ashenzari
Cheibriados
Dithmenos
Elyvilon
Fedhas
Gozag
Hepliaklqana
Kikubaaqudgha
Makhleb
Nemelex Xobeh
Okawaru
Qazlal
Ru
Sif Muna
Trog
Uskayaw
Vehumet
Wu Jian
Xom
Yredelemnul
Zin
The Shining One

Shops:
D:4 (

Annotations:
D:10 Erolcha


Innate Abilities, Weirdness & Mutations

You have hooves in place of feet.
Armour fits poorly on your strangely shaped body.
You cover ground very quickly.
You have extremely tough skin. (AC +3)


Message History

No target in view!
Attack whom?
Press: ? - help, Dir - move target cursor You reach to attack!
You puncture something! You burn something.
Attack whom?
Press: ? - help, Dir - move target cursor Something you can't see is in the way.
You closely miss something. You kick something. Something hits you!
Attack whom?
Press: ? - help, Dir - move target cursor You closely miss something.
You kick something!
You hear some strange, mumbled words.
A bolt of lightning appears from out of thin air!
The bolt of lightning hits you!
* * * LOW HITPOINT WARNING * * *
You feel protected.
You hear some strange, mumbled words.
A stone arrow appears from out of thin air!
The stone arrow hits you!!
You die...

.........#(....# #..
#..... .........)≈....+
#.###.....
.........#..%P.+
#.#......#
.........#≈.%..+
#.#......+ ##+##....#
..%.# #.#......#
#....##########.'......#
#......)#.......#......#
#.......)[......##+##...
#......@#..##...##..#...
#.......#e.##...##..#...
#....####..##.......#...
#... (.O..#.......#...
#.. +.(..(##...##..#...
#. #....(##...###'#... #
#..(.((..§.#.....##
#.....##...'.....#
#..... #...#.....#


There were no monsters in sight!

Vanquished Creatures
  Fannar (D:10)
  Sonja (D:10)
  Joseph (D:8)
  A centaur zombie (D:10)
  A troll (shapeshifter) (D:9)
  A hippogriff (D:9)
  5 yaks (D:9)
  Grum (D:8)
  Menkaure (D:4)
  2 hornet zombies
  A black bear (D:2)
  2 sky beasts (D:6)
  An ice beast (D:8)
  10 ogres
  3 wolves (D:8)
  2 centaurs
  2 big kobolds
  A gnoll sergeant (D:6)
  6 bullfrogs
  A scorpion (D:8)
  5 killer bees (D:8)
  2 howler monkeys (D:7)
  6 crimson imps
  7 orc wizards
  2 quasits
  9 hounds
  3 centaur skeletons
  A jelly (D:6)
  4 orc priests
  Jessica (D:2)
  4 iguanas
  Natasha (thrice) (D:2)
  5 worker ants
  A hound skeleton (D:5)
  3 gnolls (D:4)
  17 adders
  4 river rats (Sewer)
  2 adder skeletons (D:8)
  A worm (D:2)
  2 dart slugs
  2 leopard geckos
  27 orcs
  7 bats
  10 giant cockroaches
  6 hobgoblins
  10 jackals
  3 quokkas
  10 ball pythons (Sewer)
  9 frilled lizards
  7 goblins
  9 kobolds
  A leopard gecko skeleton (D:4)
  2 leopard gecko zombies
  A quokka skeleton (D:4)
  A quokka zombie (D:9)
  28 rats
259 creatures vanquished.

Notes
Turn   | Place    | Note
-------+----------+-------------------------------------------
     0 | D:1      | Borbor the Centaur Hunter began the quest for the Orb.
     0 | D:1      | Reached XP level 1. HP: 17/17 MP: 1/1
   134 | D:1      | Reached XP level 2. HP: 22/24 MP: 2/2
   609 | D:1      | Reached skill level 6 in Bows
  1190 | D:2      | Reached XP level 3. HP: 6/30 MP: 3/3
  1597 | D:2      | Noticed Jessica
  1608 | D:2      | Killed Jessica
  1608 | D:2      | Reached XP level 4. HP: 37/37 MP: 4/4
  2056 | D:2      | Reached skill level 7 in Bows
  2231 | D:2      | Noticed Natasha
  2265 | D:2      | Killed Natasha
  2313 | D:2      | Noticed Natasha
  3428 | D:3      | Reached XP level 5. HP: 45/45 MP: 5/5
  3781 | D:3      | Noticed a black bear
  3827 | D:2      | Killed a black bear
  3827 | D:2      | Reached skill level 8 in Bows
  3827 | D:2      | Reached XP level 6. HP: 52/52 MP: 6/6
  3866 | D:2      | Killed Natasha
  4105 | D:2      | Noticed Natasha
  4117 | D:2      | Killed Natasha
  5065 | D:3      | Reached skill level 9 in Bows
  5492 | D:4      | Found a glowing golden altar of the Shining One.
  5492 | D:4      | Found a shimmering altar of Xom.
  5497 | D:4      | Found a shadowy altar of Dithmenos.
  5591 | D:4      | Reached XP level 7. HP: 50/60 MP: 7/7
  5762 | D:4      | Found Arpheppy's Weapon Boutique.
  5989 | D:4      | Noticed Menkaure
  6029 | D:4      | Reached skill level 5 in Fighting
  6029 | D:4      | Reached skill level 10 in Bows
  6029 | D:4      | Reached skill level 1 in Armour
  6124 | D:4      | Killed Menkaure
  6518 | D:5      | Entered Level 5 of the Dungeon
  6643 | D:4      | Reached XP level 8. HP: 64/69 MP: 8/8
  6740 | D:5      | Found a radiant altar of Vehumet.
  6840 | D:5      | Reached skill level 11 in Bows
  7683 | D:6      | Reached skill level 12 in Bows
  7842 | D:6      | Reached XP level 9. HP: 78/78 MP: 9/9
  8092 | D:6      | Found a shattered altar of Ashenzari.
  8398 | D:6      | Found a glowing drain.
  8412 | Sewer    | Entered a sewer
  8862 | D:6      | Found a staircase to the Ecumenical Temple.
  8879 | Temple   | Entered the Ecumenical Temple
  9055 | Temple   | Became a worshipper of Warmaster Okawaru
  9249 | D:6      | Found a burning altar of Makhleb.
  9387 | D:7      | Reached skill level 13 in Bows
  9522 | D:7      | Found a white marble altar of Elyvilon.
  9971 | D:8      | Noticed Grum
  9978 | D:8      | Killed Grum
 10220 | D:8      | Reached * piety under Okawaru
 10294 | D:8      | Reached skill level 14 in Bows
 10416 | D:8      | Found an ancient bone altar of Kikubaaqudgha.
 10489 | D:8      | Reached XP level 10. HP: 57/88 MP: 10/10
 10638 | D:8      | Noticed Joseph
 10685 | D:8      | Killed Joseph
 10685 | D:8      | Reached ** piety under Okawaru
 10993 | D:8      | Found a shadowy altar of Dithmenos.
 11000 | D:8      | Reached skill level 5 in Armour
 11498 | D:9      | Reached skill level 1 in Invocations
 11932 | D:9      | Reached *** piety under Okawaru
 12220 | D:9      | Found a bloodstained altar of Trog.
 12356 | D:9      | Found an opulent altar of Gozag.
 12357 | D:9      | Found a snail-covered altar of Cheibriados.
 12361 | D:9      | Got an ichor-stained dagger
 12396 | D:10     | Entered Level 10 of the Dungeon
 12463 | D:10     | Noticed Sonja
 12481 | D:10     | Killed Sonja
 12601 | D:10     | Reached **** piety under Okawaru
 12636 | D:10     | Noticed Erolcha
 12642 | D:10     | Noticed Fannar
 12682 | D:10     | Killed Fannar
 12682 | D:10     | Reached skill level 10 in Fighting
 12682 | D:10     | Reached XP level 11. HP: 51/99 MP: 12/14
 12687 | D:10     | Killed from afar by Erolcha

Skill      XL: |  1  2  3  4  5  6  7  8  9 10 |
---------------+-------------------------------+-----
Bows           | 6 7 8 9 10 12 14 | 14.0
Fighting       | 3 4 5 6 7 10 | 10.0
Armour         | 1 3 4 6 |  6.2
Invocations    | 4 |  4.3
Dodging        | |  1.3
Stealth        | |  0.4

Action                   |  1- 3 |  4- 6 |  7- 9 | 10-12 || total
-------------------------+-------+-------+-------+-------++-------
Melee: Short sword       |    65 |    67 |    71 |       ||   203
       Kick              |    12 |    21 |    27 |    26 ||    86
       Trident           |       |       |    43 |    65 ||   108
 Fire: Shortbow          |    58 |   159 |   348 |   146 ||   711
Throw: Stone             |       |     3 |     4 |       ||     7
       Throwing net      |       |     1 |       |       ||     1
Invok: Heroism           |       |       |       |     1 ||     1
  Use: Scroll            |       |     7 |    11 |     3 ||    21
       Potion            |       |       |       |     2 ||     2
  Eat: Chunk             |       |     7 |    11 |     7 ||    25
       Ration            |       |     1 |       |       ||     1
Armor: Leather armour    |    34 |    28 |       |       ||    62
       Ring mail         |       |    16 |    14 |       ||    30
       Scale mail        |       |       |    74 |    45 ||   119
Dodge: Dodged            |    37 |    48 |    56 |    23 ||   164
